 Dungeon Crawl Stone Soup version 0.29-a0-451-gfbfa42419e (console) character file.

Game seed: 15926913437785961830

18 om the Stinger (level 2, 0/19 HPs)
             Began as a Merfolk Venom Mage on May 19, 2022.
             Slain by a quokka (4 damage)
             ... on level 1 of the Dungeon.
             The game lasted 00:03:00 (1334 turns).

om the Stinger (Merfolk Venom Mage)                 Turns: 1334, Time: 00:03:01

Health: 0/19       AC:  2    Str:  8    XL:     2   Next: 66%
Magic:  2/5        EV: 13    Int: 14    God:
Gold:   12         SH:  0    Dex: 14    Spells: 2/5 levels left

rFire   . . .      SeeInvis .   g - +0 dagger
rCold   . . .      Faith    .   (no shield)
rNeg    . . .      Spirit   .   a - +0 robe
rPois   .          Reflect  .   (no helmet)
rElec   .          Harm     .   (no cloak)
rCorr   .          Rampage  .   (no gloves)
Will    .....                   (no boots)
Stlth   ++........              (no amulet)
HPRegen 0.06/turn               (no ring)
MPRegen 0.09/turn               (no ring)

@: no status effects
A: (nimble swimmer 2), mertail
a: no special abilities


You were on level 1 of the Dungeon.
You visited 1 branch of the dungeon, and saw 1 of its levels.

You collected 12 gold pieces.

Inventory:

Hand Weapons
 g - a +0 dagger (weapon)
Armour
 a - a +0 robe (worn)
Jewellery
 i - an amulet of faith
Scrolls
 d - a scroll of enchant armour {unknown}
 e - 2 scrolls of identify {unknown}
 f - a scroll of noise {unknown}
 h - 2 scrolls of poison {unknown}
Potions
 b - a potion of magic
 c - a potion of attraction {unknown}
 j - a potion of invisibility {unknown}


   Skills:
 * Level 3.3 Dodging
 + Level 2.5 Stealth
 + Level 2.1 Spellcasting
 + Level 1.9 Transmutations
 + Level 3.4 Poison Magic


You had 2 spell levels left.
You knew the following spells:

 Your Spells              Type           Power      Damage    Failure   Level
a - Sting                 Tmut/Pois      36%        1d4       8%          1
b - Poisonous Vapours     Pois/Air       12%        N/A       17%         2

Your spell library contained the following spells:

 Spells                   Type           Power      Damage    Failure   Level
 Ensorcelled Hibernation  Hex/Ice        2%         N/A       34%         2
 Spider Form              Tmut/Pois      9%         N/A       24%         3
 Mephitic Cloud           Conj/Pois/Air  4%         N/A       41%         3
 Olgreb's Toxic Radiance  Pois           11%        N/A       50%         4
 Anguish                  Hex/Necr       0%         N/A       93%         4


Dungeon Overview and Level Annotations

Branches:
Dungeon (1/15)

Altars:


Innate Abilities, Weirdness & Mutations

((You are very nimble when in or above water. (Stealth+, EV+, Speed+++)))
Your lower body shifts to a powerful aquatic tail in water.


Message History

You hit the rat.
You kill the rat!
No target in view!
HP restored.
Your legs become a tail as you enter the water.
Found a stone staircase leading down.
h - 2 scrolls labelled YTACIL FAARRE (gained 1)
A quokka comes into view.
There is a stone staircase leading down here.
A quokka is nearby!
You hit the quokka.
The quokka is lightly wounded.
The quokka bites you.
You barely miss the quokka. The quokka barely misses you.
You barely miss the quokka. The quokka misses you. x2
You barely miss the quokka. The quokka bites you.
You completely miss the quokka.
The quokka twitches its whiskers.
The quokka bites you.
You barely miss the quokka. The quokka barely misses you.
You hit the quokka but do no damage. The quokka closely misses you.
You hit the quokka.
The quokka is moderately wounded.
The quokka bites you. The quokka closely misses you.
Aiming: Sting (safe; 8% risk of failure)
Press: ? - help, Q - select action, (/) - cycle Shift-Dir - straight line, f - quokka
Aim: a quokka (moderately wounded, 56% to hit)
The sting misses the quokka.
The quokka bites you.
Casting: Sting (safe; 8% risk of failure)
Confirm with . or Enter, or press ? or * to list all spells.
Aiming: Poisonous Vapours (safe; 17% risk of failure)
Press: ? - help, Dir - move target, f/p - quokka
Aim: a quokka (moderately wounded) Poisonous vapours surround the quokka!
The quokka is poisoned.
The quokka bites you.
* * * LOW HITPOINT WARNING * * *
The quokka attacks as you move away! The quokka closely misses you.
There is a stone staircase leading down here.
The quokka attacks as you move away! The quokka bites you.
You die...

.###.#####.# #.
.###.#####. #.
...........# #.
#.########## #. #.########
#.## #....)...# ####..#
#........# #.....#
.........# #.###r#
#........# ###@#
#........# # #...#
.........# #.#.#.#
#.######## #.#.#.# ...##
#.....# ....##########.###
...............#
..[......#################
...#####.# #........###


You could see a quokka (poisoned).

Vanquished Creatures
  A ball python (D:1)
  5 bats (D:1)
  An endoplasm (D:1)
  2 quokkas (D:1)
  3 frilled lizards (D:1)
  3 kobolds (D:1)
  2 rats (D:1)
17 creatures vanquished.

Notes
Turn   | Place    | Note
-------+----------+-------------------------------------------
     0 | D:1      | om the Merfolk Venom Mage began the quest for the Orb.
     0 | D:1      | Reached XP level 1. HP: 13/13 MP: 3/3
   392 | D:1      | Reached XP level 2. HP: 15/19 MP: 0/5
   483 | D:1      | Learned a level 2 spell: Poisonous Vapours
  1334 | D:1      | Slain by a quokka

Illustrated notes

Levels and vault maps discovered:
D:1:      dpeg_arrival_more_subterranean_lakeside_camping, layout_loops_cross

Skill      XL: |  1 |
---------------+----+-----
Dodging        | 3 |  3.3
Stealth        | |  2.5
Spellcasting   | |  2.1
Transmutations | |  1.9
Poison Magic   | |  3.4

Action                   || total
-------------------------++-------
Melee: Dagger            ||    35
       Unarmed           ||     5
       War axe           ||     1
 Cast: Sting             ||    14
       Poisonous Vapours ||     5
 Stab: Sleeping          ||     2
Armor: Robe              ||    12
Dodge: Dodged            ||    39

Table legend: (Time is in decaauts)
 A = Elapsed time spent in this place.
 B = Non-inter-level travel time spent in this place.
 C = Inter-level travel time spent in this place.
 D = Time resting spent in this place.
 E = Time spent auto-exploring this place.
 F = Levels seen in this place.
 G = Mean time per level.
                   A        B        C        D        E       F      G
               +--------+--------+--------+--------+--------+-----+--------+
         Total |   1329 |   1329 |      0 |    575 |    579 |   1 | 1329.0 |
       Dungeon |   1329 |   1329 |      0 |    575 |    579 |   1 | 1329.0 |
               +--------+--------+--------+--------+--------+-----+--------+

Top non-repeatable levels by time:
     D:1: 1329 daAuts
